 Dungeon Crawl Stone Soup version 0.25-a0-869-g05d4e06a41 (webtiles) character file.

Game seed: 14499828942880742194, levelgen mode: deterministic

1852 Maedhros the Martial Artist (level 9, 0/60 HPs)
             Began as an Octopode Chaos Knight on May 1, 2020.
             Was a Plaything of Xom.
             Succumbed to a meliai's poison
             ... on level 8 of the Dungeon.
             The game lasted 00:07:46 (4867 turns).

Maedhros the Martial Artist (Octopode Chaos Knight) Turns: 4867, Time: 00:07:46

Health: 0/60       AC:  4    Str: 11    XL:     9   Next: 12%
Magic:  8/8        EV: 14    Int: 14    God:    Xom [...*..]
Gold:   201        SH:  8    Dex: 17    Spells: 8/8 levels left

rFire    . . .     SeeInvis .     - Unarmed
rCold    . . .     Gourm    .   k - +3 buckler {AC+3}
rNeg     . . .     Faith    .   (helmet restricted)
rPois    .         Spirit   .   (no amulet)
rElec    .         Reflect  .   (no ring)
rCorr    .         Harm     .   (no ring)
MR       .....                  (no ring)
Stlth    +++.......             (no ring)
HPRegen  0.20/turn              (no ring)
MPRegen  0.11/turn              (no ring)
                                (no ring)
                                (no ring)

@: lethally poisoned (0 -> -3), very slightly contaminated
A: almost no armour, stealthy swim, amphibious, 8 rings, constrict 8, camouflage
1, agile 1, low mp 1, gelatinous body 1, no potion heal 1
a: Renounce Religion


You were on level 8 of the Dungeon.
You worshipped Xom.
You were a favourite toy of Xom.
You were very hungry.

You visited 1 branch of the dungeon, and saw 8 of its levels.

You collected 201 gold pieces.

Inventory:

Armour
 k - a +3 buckler of protection (worn)
Scrolls
 b - 2 scrolls of remove curse {unknown}
 h - 2 scrolls of noise {unknown}
 i - a scroll of amnesia {unknown}
 j - 4 scrolls of identify {unknown}
Potions
 e - a potion of brilliance
Comestibles
 a - 2 rations


   Skills:
 + Level 4.9 Fighting
 - Level 2.3 Dodging
 + Level 3.6 Shields
 - Level 10.5 Unarmed Combat


You had 8 spell levels left.
You didn't know any spells.
Your spell library was empty.

Dungeon Overview and Level Annotations

Branches:
Dungeon (8/15)             Temple (0/1) D:5
   Lair: D:8-11

Altars:
Okawaru
Wu Jian

Annotations:
D:6 Eustachio


Innate Abilities, Weirdness & Mutations

You cannot wear most types of armour.
You are very stealthy in the water. (Stealth+)
You are amphibious.
You can wear up to eight rings at the same time.
You can use your tentacles to constrict eight enemies at once.
Your skin changes colour to match your surroundings (Stealth+).
Your rubbery body absorbs attacks. (AC +1, EV +1)
You are agile. (Dex +2)
Your magical capacity is low. (-10% MP)
Potions are less effective at restoring your health.


Message History

* * * LOW HITPOINT WARNING * * *
You feel sick.
* * * LOW HITPOINT WARNING * * *
You feel sick.
* * * LOW HITPOINT WARNING * * *
You feel sick.
* * * LOW HITPOINT WARNING * * *
You feel sick.
* * * LOW HITPOINT WARNING * * *
You feel sick.
* * * LOW HITPOINT WARNING * * *
You feel sick.
* * * LOW HITPOINT WARNING * * *
You feel sick.
* * * LOW HITPOINT WARNING * * *
You feel sick.
* * * LOW HITPOINT WARNING * * *
You feel sick.
You die...
Xom chuckles heartily!

....#.............<...## #.....
.....................#######.....
.................................
...#########.....................
...# ##........########........
..## ###.........# ##........
.#####...........# #.........
.###.........###.## ###.......
##.....#...### #@.## ##......
....####..## #...### ##.....
.#### #### ##.....## ##...# ##
###.....5.## ##..# #..........##
##.# #...........### ###
#.............## ##
##.##..<........## #.
#..##....######..###


You could see a friendly ufetubus.

Vanquished Creatures
  Joseph (D:7)
  A meliai (D:8)
  A yak (D:7)
  A hungry ghost (D:8)
  An orc warrior (D:7)
  An ice beast (D:8)
  A necrophage (D:8)
  An ogre (D:7)
  A centaur (D:8)
  A bullfrog (D:7)
  A centaur zombie (D:7)
  3 crimson imps
  3 orc priests (D:8)
  4 orc wizards
  An iguana (D:5)
  A worker ant (D:4)
  A hound skeleton (D:5)
  5 adders
  An adder skeleton (D:5)
  A dart slug (D:4)
  2 leopard geckos
  18 orcs
  A giant cockroach (D:8)
  4 goblins (D:3)
  2 jackals
  4 quokkas
  A ball python (D:5)
  A jackal skeleton (D:5)
  A leopard gecko skeleton (D:7)
  A rat (D:3)
66 creatures vanquished.

Vanquished Creatures (collateral kills)
  A yak (D:7)
1 creature vanquished.

Vanquished Creatures (others)
  A quokka (D:6)
1 creature vanquished.

Grand Total: 68 creatures vanquished

Notes
Turn   | Place    | Note
-------+----------+-------------------------------------------
     0 | D:1      | Maedhros the Octopode Chaos Knight began the quest for the
                  | Orb.
     0 | D:1      | Reached XP level 1. HP: 16/16 MP: 1/1
    55 | D:2      | Found an ornate altar of the Wu Jian Council.
    67 | D:2      | Reached XP level 2. HP: 21/21 MP: 2/2
   544 | D:4      | Reached skill level 4 in Unarmed Combat
   544 | D:4      | Reached XP level 3. HP: 26/26 MP: 3/3
   603 | D:4      | Found an iron altar of Okawaru.
   613 | D:5      | Entered Level 5 of the Dungeon
   641 | D:5      | Reached XP level 4. HP: 27/31 MP: 4/4
   694 | D:5      | Reached skill level 5 in Unarmed Combat
   753 | D:5      | Found a staircase to the Ecumenical Temple.
   926 | D:5      | Noticed a sky beast
   938 | D:5      | XOM: divination: detect items
   949 | D:5      | XOM: cast spell 'Alistair's Intoxication'
  1078 | D:5      | XOM: cast spell 'Call Canine Familiar'
  1197 | D:5      | XOM: 3-stop teleportation journey
  1473 | D:5      | Reached XP level 5. HP: 19/36 MP: 5/5
  1574 | D:5      | XOM: divination: detect creatures
  1699 | D:5      | XOM: summons friendly iron imp
  1708 | D:5      | XOM: confuse monster(s)
  1901 | D:5      | XOM: scenery: 1 doors open
  2179 | D:6      | Gained mutation: Your magical capacity is low. (-10% MP)
                  | [potion of mutation]
  2179 | D:6      | Gained mutation: Potions are less effective at restoring
                  | your health. [potion of mutation]
  2179 | D:6      | Gained mutation: You are agile. (Dex +2) [potion of
                  | mutation]
  2183 | D:6      | Reached skill level 6 in Unarmed Combat
  2281 | D:6      | XOM: 3-stop teleportation journey
  2395 | D:6      | Noticed a phantom
  2401 | D:6      | XOM: divine lightning
  2413 | D:6      | XOM: snakes to sticks
  2981 | D:6      | Reached XP level 6. HP: 42/42 MP: 5/5
  2990 | D:6      | XOM: 7-stop teleportation journey
  2991 | D:6      | Noticed Eustachio
  3008 | D:7      | XOM: 6-stop teleportation journey
  3023 | D:7      | XOM: enchant monster (good)
  3028 | D:7      | Reached skill level 7 in Unarmed Combat
  3072 | D:7      | Noticed a yak
  3072 | D:7      | Noticed a yak
  3072 | D:7      | Noticed a yak
  3072 | D:7      | Noticed a yak
  3072 | D:7      | Noticed a yak
  3073 | D:7      | Noticed Joseph
  3074 | D:7      | Noticed a yak
  3336 | D:7      | XOM: confuse monster(s)
  3341 | D:7      | XOM: potion effect (brilliance)
  3342 | D:7      | XOM: summons friendly iron imp
  3346 | D:7      | XOM: potion effect (invisibility)
  3353 | D:7      | Killed a yak
  3353 | D:7      | Reached XP level 7. HP: 39/46 MP: 6/6
  3377 | D:7      | Killed a yak
  3377 | D:7      | Reached skill level 8 in Unarmed Combat
  3487 | D:7      | Killed Joseph
  3487 | D:7      | Reached skill level 9 in Unarmed Combat
  3487 | D:7      | Reached XP level 8. HP: 9/52 MP: 7/7
  3612 | D:7      | XOM: scenery: 1 doors close
  3689 | D:7      | XOM: 4-stop teleportation journey
  3762 | D:7      | Reached skill level 10 in Unarmed Combat
  3945 | D:7      | XOM: divination: detect creatures
  4287 | D:8      | XOM: god gift: glowing buckler {god gift}
  4347 | D:7      | XOM: god gift: scroll labeled VAKHLO DI XUUGHAW {god gift}
  4435 | D:8      | Reached skill level 1 in Shields
  4830 | D:8      | Noticed a meliai
  4835 | D:8      | Reached XP level 9. HP: 59/59 MP: 8/8
  4846 | D:8      | XOM: summons 2 friendly demons
  4849 | D:8      | XOM: smoke on damage
  4850 | D:8      | Killed a meliai
  4853 | D:8      | XOM: enchant monster (good)
  4861 | D:8      | HP: 3/60 [poisoned by a meliai]
  4864 | D:8      | HP: 1/60 [poisoned by a meliai]
  4867 | D:8      | Succumbed to a meliai's poison

Levels and vault maps discovered:
D:1:      dpeg_arrival_snail, layout_loops_corners, ashenzari_altar_1
D:2:      layout_loops_cross, lemuel_altar_in_water2, uniq_robin, uniq_jessica,
          uniq_crazy_yiuf_cottage
D:3:      layout_loops_ring, first_ration
D:4:      layout_cave_pools, okawaru_ov_weapons_minmay, minmay_between
D:5:      layout_loops_corners, minmay_temple_entry_waves
D:6:      layout_gridville, uniq_eustachio
D:7:      layout_basic, uniq_joseph
D:8:      minmay_chambers_of_sixes, layout_cave_pods

Skill      XL: |  1  2  3  4  5  6  7  8  9 |
---------------+----------------------------+-----
Unarmed Combat | 4 5 6 7 9 10 | 10.5
Shields        | 2 3 |  3.6
Fighting       | 4 |  4.9
Dodging        | |  2.3

Action                   |  1- 3 |  4- 6 |  7- 9 || total
-------------------------+-------+-------+-------++-------
Melee: Unarmed           |    28 |    99 |   102 ||   229
       Tentacles         |     7 |    26 |    20 ||    53
       Constrict         |     9 |    21 |    20 ||    50
       Punch             |       |     3 |     8 ||    11
Evoke: Wand              |       |       |     2 ||     2
  Use: Potion            |     4 |     4 |     1 ||     9
       Scroll            |       |       |     4 ||     4
 Stab: Sleeping          |     1 |     1 |     4 ||     6
       Invisible         |       |     3 |       ||     3
  Eat: Chunk             |       |     7 |       ||     7
       Ration            |       |       |     2 ||     2
Armor: Skin              |     7 |     3 |     6 ||    16
Dodge: Dodged            |    17 |    54 |    47 ||   118
Block: Buckler           |       |       |    10 ||    10

Table legend:
 A = Non-vault XP
 B = Vault XP
 C = Vault XP percentage of total XP
 D = Non-vault monster count
 E = Vault monster count
 F = Vault count percentage of total count
                 A         B        C        D         E       F
            +---------+---------+-------+---------+---------+-------
      Total |    1975 |     672 |  25.4 |      63 |       4 |   6.0
            +---------+---------+-------+---------+---------+-------
        D:2 |      15 |       0 |   0.0 |       2 |       0 |   0.0
        D:3 |       8 |       0 |   0.0 |       5 |       0 |   0.0
        D:4 |      54 |       0 |   0.0 |       4 |       0 |   0.0
        D:5 |     135 |       0 |   0.0 |      12 |       0 |   0.0
        D:6 |     110 |       0 |   0.0 |       9 |       0 |   0.0
        D:7 |     882 |     373 |  29.7 |      13 |       1 |   7.1
        D:8 |     771 |     299 |  27.9 |      18 |       3 |  14.3
            +---------+---------+-------+---------+---------+-------
